 Dungeon Crawl Stone Soup version 0.24.0-1-gfbc8707 (webtiles) character file.

Game seed: 8720732567131467832, levelgen mode: deterministic

5187 Illumine the Thaumaturge (level 10, -8/58 HPs)
             Began as a Deep Elf Conjurer on Nov 16, 2019.
             Was a Believer of Sif Muna.
             Mangled by a shadow (13 damage)
             ... on level 9 of the Dungeon.
             The game lasted 00:28:07 (10295 turns).

Illumine the Thaumaturge (Deep Elf Conjurer)       Turns: 10295, Time: 00:28:08

Health: -8/58      AC:  4    Str:  5    XL:     10   Next: 34%
Magic:  6/24       EV: 17    Int: 24    God:    Sif Muna [**....]
Gold:   179        SH:  0    Dex: 15    Spells: 8/26 levels left

rFire    . . .     SeeInvis +   B - +2 dagger (venom)
rCold    . . .     Gourm    .   (no shield)
rNeg     . . .     Faith    .   a - +0 robe
rPois    .         Spirit   .   r - +1 helmet
rElec    .         Reflect  .   h - scarf {cloud immunity}
rCorr    .         Harm     .   (no gloves)
MR       +....                  (no boots)
Stlth    ++........             H - amulet of the acrobat
HPRegen  0.19/turn              D - ring of see invisible
MPRegen  0.19/turn              f - ring of wizardry

@: no status effects
A: no striking features
a: Channel Magic, Renounce Religion


You were on level 9 of the Dungeon.
You worshipped Sif Muna.
Sif Muna was pleased with you.
You were not hungry.

You visited 2 branches of the dungeon, and saw 11 of its levels.

You collected 509 gold pieces.
You spent 330 gold pieces at shops.

Inventory:

Hand Weapons
 j - a +4 dagger
 B - a +2 dagger of venom (weapon)
 C - a +0 long sword
 I - a +1 dagger of draining
Missiles
 l - 9 poisoned darts (quivered)
 o - 5 silver boomerangs
Armour
 a - a +0 robe (worn)
 h - a scarf of cloud immunity (worn)
 m - a +0 buckler
 r - a +1 helmet (worn)
Jewellery
 d - an uncursed amulet of regeneration
 f - a ring of wizardry (right hand)
 D - a ring of see invisible (left hand)
 H - an amulet of the acrobat (around neck)
 K - a +5 ring of strength
Wands
 e - a wand of paralysis (4)
 G - a wand of iceblast (8)
 J - a wand of random effects (10)
Scrolls
 b - 2 scrolls of blinking
 g - a scroll of teleportation
 p - 4 scrolls of remove curse
 q - 3 scrolls of noise {unknown}
 v - a scroll of fear {unknown}
 w - 2 scrolls of amnesia {unknown}
 x - 4 scrolls of magic mapping {unknown}
 y - 4 scrolls of enchant weapon {unknown}
 E - a scroll of random uselessness {unknown}
 F - a scroll of vulnerability {unknown}
Potions
 i - a potion of brilliance
 k - 6 potions of curing
 n - 2 potions of might
 s - a potion of flight
 t - a potion of degeneration
 z - a potion of agility {unknown}
 A - a potion of haste {unknown}
Comestibles
 c - 15 rations


   Skills:
 + Level 4.7 Fighting
 - Level 2.1 Short Blades
 + Level 7.8 Dodging
 - Level 2.4 Stealth
 + Level 3.9 Shields
 + Level 8.7 Spellcasting
 + Level 8.3 Conjurations
 + Level 7.1 Hexes
 + Level 4.0 Translocations
 + Level 2.4 Invocations


You had 8 spell levels left.
You knew the following spells:

 Your Spells              Type           Power        Failure   Level  Hunger
a - Magic Dart            Conj           ####         1%          1    None
b - Searing Ray           Conj           ######       1%          2    None
c - Dazzling Spray        Conj/Hex       #####.       1%          3    None
d - Iskenderun's Mystic   Conj           ######..     1%          4    ##.....
e - Fulminant Prism       Conj/Hex       #####.....   1%          4    ##.....
f - Force Lance           Conj/Tloc      #####...     1%          4    ##.....

Your spell library contained the following spells:

 Spells                   Type           Power        Failure   Level  Hunger
 Beastly Appendage        Tmut           ##....       2%          1    None
 Sticks to Snakes         Tmut           ##......     3%          2    None
 Spider Form              Tmut/Pois      ##........   8%          3    None
 Iskenderun's Battlesphe  Conj/Chrm      ####....     12%         5    ####...
 Venom Bolt               Conj/Pois      ####......   12%         5    ####...
 Bolt of Magma            Conj/Fire/Erth ###.......   21%         5    ####...
 Ice Form                 Ice/Tmut       ##......     24%         4    ##.....
 Blade Hands              Tmut           ##........   52%         5    ####...
 Iron Shot                Conj/Erth      ####......   52%         6    ######.
 Orb of Destruction       Conj           ######....   52%         7    #######
 Spellforged Servitor     Conj/Summ      ####......   97%         7    #######


Dungeon Overview and Level Annotations

Branches:
Dungeon (10/15)            Temple (1/1) D:7             Orc (0/2) D:9
   Lair: D:8-11

Altars:
Ashenzari
Cheibriados
Dithmenos
Elyvilon
Fedhas
Gozag
Ru
Sif Muna
Vehumet
Wu Jian
Yredelemnul

Shops:
D:9 !=:

Annotations:
D:3 Sigmund
D:6 2 runed translucent doors, Eeriemist's ghost, novice HOMo


Message History

Casting: Force Lance (safe; 1% risk of failure)
Confirm with . or Enter, or press ? or * to list all spells.
Aiming: Dazzling Spray (safe; 1% risk of failure)
Press: ? - help, Shift-Dir - straight line, f/p - shadow
Aim: a shadow (slightly transparent)
The spray of energy misses the shadow.
The shadow closely misses you.
You feel somewhat more hungry. The shadow hits you.
* * * LOW HITPOINT WARNING * * *
Casting: Dazzling Spray (safe; 1% risk of failure)
Confirm with . or Enter, or press ? or * to list all spells.
Okay, then.
Casting: Dazzling Spray (safe; 1% risk of failure)
Confirm with . or Enter, or press ? or * to list all spells.
Aiming: Iskenderun's Mystic Blast (safe; 1% risk of failure)
Press: ? - help, Shift-Dir - straight line, f/p - shadow
Aim: a shadow The orb of energy hits the shadow!
The shadow is almost destroyed.
The orb of energy explodes!
The shadow hits you!
You die...

...##### ###.......### #.....#
##.....## ##.....## #####+####
........# ##...## #.......
........# ###.##### #.......
........#####.....'.#### #.......
........#...'.....#....###.......
........#.###....>####...'.......
........'.# #...W.# #####....>..
........### #(..@.# #######'
........# #....[# ##.. #'#######
####'## ##..# #.# ##.# #..## #.##
#..# ######'### #..# ####'####
#......... ##'####
#.......#####......[.. ......####
#......∩##..'......<..
......'..###.......##.##.........


You could see a shadow.

Vanquished Creatures
  A two-headed ogre (D:8)
  Maurice (D:9)
  A troll (D:9)
  2 hippogriffs
  A spriggan (D:8)
  Duvessa (D:5)
  2 orc warriors
  A phantom (D:4)
  2 ice beasts (D:7)
  2 sky beasts
  A black bear (D:8)
  A necrophage (D:8)
  2 ogres
  A big kobold (D:9)
  4 bullfrogs
  Dowan (D:5)
  4 scorpions
  12 wights
  3 howler monkeys
  2 crimson imps
  2 bullfrog zombies (D:7)
  A centaur zombie (D:8)
  3 hounds
  4 orc priests
  An iguana (D:8)
  16 orc wizards
  7 worker ants
  A hound skeleton (D:7)
  A mummy (D:6)
  8 adders
  2 shadow imps
  2 oozes
  3 adder skeletons
  An adder zombie (D:7)
  2 worms
  A dart slug (D:2)
  3 leopard geckos
  34 orcs
  8 giant cockroaches
  7 goblins
  5 hobgoblins
  13 kobolds
  2 quokkas
  A ball python (D:1)
  2 bats
  6 frilled lizards
  A goblin zombie (D:8)
  A jackal skeleton (D:8)
  A leopard gecko skeleton (D:5)
  7 rats
191 creatures vanquished.

Vanquished Creatures (others)
  A human (D:8)
  An adder (D:8)
  A leopard gecko (D:8)
  6 fulminant prisms
9 creatures vanquished.

Grand Total: 200 creatures vanquished

Notes
Turn   | Place    | Note
-------+----------+-------------------------------------------
     0 | D:1      | Illumine the Deep Elf Conjurer began the quest for the Orb.
     0 | D:1      | Reached XP level 1. HP: 10/10 MP: 6/6
   260 | D:1      | Reached XP level 2. HP: 15/15 MP: 5/8
   264 | D:1      | Learned a level 2 spell: Searing Ray
  1089 | D:2      | Reached XP level 3. HP: 13/19 MP: 3/10
  1715 | D:2      | Reached skill level 5 in Conjurations
  1800 | D:2      | Learned a level 3 spell: Dazzling Spray
  1878 | D:3      | Reached XP level 4. HP: 24/24 MP: 6/12
  1884 | D:3      | Learned a level 4 spell: Iskenderun's Mystic Blast
  2010 | D:3      | Found a shattered altar of Ashenzari.
  2012 | D:3      | Found a shadowy altar of Dithmenos.
  2265 | D:3      | Noticed Sigmund
  2431 | D:4      | Reached skill level 1 in Fighting
  2431 | D:4      | Reached XP level 5. HP: 20/29 MP: 8/14
  2533 | D:4      | Found a basalt altar of Yredelemnul.
  2636 | D:4      | Reached skill level 1 in Hexes
  2798 | D:4      | Reached skill level 5 in Spellcasting
  2873 | D:4      | Reached XP level 6. HP: 31/34 MP: 6/15
  3354 | D:4      | Reached XP level 7. HP: 30/40 MP: 5/17
  3474 | D:4      | Reached skill level 5 in Dodging
  3913 | D:5      | Entered Level 5 of the Dungeon
  4134 | D:5      | Noticed Duvessa
  4139 | D:5      | Noticed Dowan
  4149 | D:5      | Killed Duvessa
  4152 | D:5      | Killed Dowan
  4152 | D:5      | Reached skill level 1 in Short Blades
  4399 | D:5      | Reached skill level 1 in Shields
  4780 | D:6      | Found a snail-covered altar of Cheibriados.
  4786 | D:6      | Reached XP level 8. HP: 45/45 MP: 13/19
  5271 | D:6      | Found a large runed translucent door.
  5271 | D:6      | Found a large runed translucent door.
  5329 | D:6      | Noticed Eeriemist's ghost (novice HOMo)
  5859 | D:7      | Found a staircase to the Ecumenical Temple.
  5876 | Temple   | Entered the Ecumenical Temple
  5905 | Temple   | Became a worshipper of Sif Muna the Loreminder
  6088 | D:7      | Reached skill level 5 in Hexes
  6398 | D:7      | Learned a level 4 spell: Fulminant Prism
  6460 | D:7      | Learned a level 4 spell: Force Lance
  7138 | D:7      | Reached XP level 9. HP: 40/52 MP: 16/22
  7199 | D:7      | Reached skill level 1 in Translocations
  7660 | D:8      | Found a runed translucent door.
  7665 | D:8      | Found a basalt altar of Yredelemnul.
  7672 | D:8      | Reached * piety under Sif Muna
  7989 | D:8      | Noticed a two-headed ogre
  8349 | D:8      | Found a white marble altar of Elyvilon.
  8604 | D:8      | Killed a two-headed ogre
  8604 | D:8      | Reached skill level 1 in Invocations
  8742 | D:9      | Found Buev's Distillery.
  8763 | D:9      | Found Fisili's Jewellery Shop.
  8769 | D:9      | Bought an uncursed amulet of the acrobat for 330 gold
                  | pieces
  8790 | D:9      | Noticed a troll
  8802 | D:9      | Killed a troll
  8802 | D:9      | Reached XP level 10. HP: 4/58 MP: 10/24
  9032 | D:9      | Found an opulent altar of Gozag.
  9270 | D:9      | Found a blossoming altar of Fedhas.
  9530 | D:9      | Found Xirid's Book Boutique.
  9765 | D:9      | Reached ** piety under Sif Muna
  9828 | D:9      | Found a staircase to the Orcish Mines.
  9956 | D:9      | Noticed Maurice
  9968 | D:9      | Killed Maurice
 10277 | D:10     | Entered Level 10 of the Dungeon
 10295 | D:9      | Mangled by a shadow

Levels and vault maps discovered:
D:1:      dpeg_arrival_rooms_a, layout_loops_corners
D:2:      layout_rooms
D:3:      layout_basic, chequers_temple_overflow_statue_of_worship,
          uniq_sigmund, uniq_natasha
D:4:      layout_basic, kennysheep_little_box, first_ration
D:5:      layout_cave_pools, dk_noncrumbling_2, uniq_duvessa
D:6:      layout_basic, slow_altar_1, ebering_ghost_disaster_area
D:7:      layout_basic, temple_statues, serial_co_window_serial,
          co_window_paths_a, co_window_paths_a, co_window_corner_a,
          co_window_of_opportunity_a, co_window_paths_a, co_window_paths_b,
          co_window_cross_1, co_window_unsneaky_path_e, co_window_2corner,
          co_window_cross_3, co_window_corner_b, co_window_2corner,
          co_window_sun, glass_columns_a, glass_columns_a, glass_columns_a
D:8:      layout_loops_cross, basic_altar, the_bakery, dk_yredelemnul_ordeal
D:9:      layout_roguey, kennysheep_mini_moat, lemuel_round_altar, david_orc_3,
          serial_shops, shop, shop, nicolae_shop_crystal, uniq_maurice
D:10:     layout_loops_ring, serial_shops, shop, kennysheep_nondescript,
          nicolae_ru_path_of_blood
Temple:   regret_index_temple_sphere_string

Skill      XL: |  1  2  3  4  5  6  7  8  9 10 |
---------------+-------------------------------+-----
Dodging        | 3 4 5 6 7 |  7.8
Spellcasting   | 4 5 6 7 8 |  8.7
Conjurations   | 5 6 7 8 |  8.3
Fighting       | 1 2 3 4 |  4.7
Hexes          | 1 2 3 5 6 7 |  7.1
Short Blades   | 1 2 |  2.1
Shields        | 1 2 3 |  3.9
Translocations | 3 4 |  4.0
Invocations    | 1 2 |  2.4
Stealth        | |  2.4

Action                   |  1- 3 |  4- 6 |  7- 9 | 10-12 || total
-------------------------+-------+-------+-------+-------++-------
Melee: Short sword       |     3 |     4 |     6 |       ||    13
       Dagger            |       |       |     1 |     2 ||     3
Throw: Dart              |       |       |       |     3 ||     3
 Cast: Magic Dart        |    71 |    65 |   132 |    44 ||   312
       Searing Ray       |     4 |    16 |    54 |     7 ||    81
       Iskenderun's Myst |       |     4 |     9 |    12 ||    25
       Dazzling Spray    |       |     1 |    21 |    13 ||    35
       Fulminant Prism   |       |       |     1 |     5 ||     6
       Force Lance       |       |       |     1 |     1 ||     2
Invok: Channel Magic     |       |       |       |     1 ||     1
  Use: Potion            |       |     2 |       |     1 ||     3
       Scroll            |       |       |     7 |     1 ||     8
 Stab: Sleeping          |       |       |     2 |       ||     2
  Eat: Chunk             |     2 |     4 |     8 |     6 ||    20
       Ration            |       |     1 |     2 |       ||     3
Armor: Robe              |     1 |     3 |     6 |     1 ||    11
Dodge: Dodged            |    12 |     9 |    54 |    27 ||   102
